 Dungeon Crawl Stone Soup version 0.23.1-37-gaa34b87 (webtiles) character file.

Game seed: 4593837955600194942

375 vishdafish the Chopper (level 6, -5/50 HPs)
             Began as a Demonspawn Fighter on Mar 23, 2019.
             Slain by a scorpion (7 damage)
             ... in an ossuary.
             The game lasted 00:03:27 (2547 turns).

vishdafish the Chopper (Demonspawn Fighter)         Turns: 2547, Time: 00:03:27

Health: -5/50      AC: 13    Str: 21    XL:     6   Next: 44%
Magic:  6/6        EV: 11    Int: 12    God:
Gold:   268        SH:  9    Dex: 12    Spells: 5/5 levels left

rFire    + . .     SeeInvis +   a - +0 war axe
rCold    + . .     Gourm    .   c - +0 shield
rNeg     . . .     Faith    .   b - +0 scale mail
rPois    .         Spirit   .   (no helmet)
rElec    .         Reflect  .   u - +1 cloak
rCorr    .         Harm     .   (no gloves)
MR       .....     Clarity  +   v - +0 pair of boots
Stlth    ..........             e - amulet of rage
HPRegen  0.16/turn              s - +4 ring of evasion
MPRegen  0.10/turn              r - ring of see invisible

@: mighty, lethally poisoned (-5 -> -25)
A: icy blue scales 3, clarity, fire resistance 1, spiny 1
a: Evoke Berserk Rage


You were in an ossuary.
You were hungry.

You visited 1 branch of the dungeon, and saw 4 of its levels.
You also visited: Ossuary.

You collected 268 gold pieces.

Inventory:

Hand Weapons
 a - a +0 war axe (weapon)
Armour
 b - a +0 scale mail (worn)
 c - a +0 shield (worn)
 u - a +1 cloak (worn)
 v - a +0 pair of boots (worn)
Jewellery
 e - an amulet of rage (around neck)
 i - an uncursed ring of protection from magic
 r - a ring of see invisible (right hand)
 s - a +4 ring of evasion (left hand)
Wands
 y - a wand of paralysis (6)
Scrolls
 g - a scroll of identify {unknown}
 h - 2 scrolls of magic mapping
 m - 3 scrolls of remove curse
 q - a scroll of enchant armour
 t - 3 scrolls of teleportation {unknown}
 x - 3 scrolls of enchant weapon {unknown}
Potions
 d - 2 potions of might
 j - a potion of curing {unknown}
 k - a potion of flight {unknown}
 l - a potion of resistance {unknown}
 n - a potion of ambrosia {unknown}
 o - a potion of cancellation {unknown}
 p - 2 potions of mutation
 w - a potion of haste {unknown}
Comestibles
 f - 7 rations


   Skills:
 + Level 4.8 Fighting
 * Level 5.2 Axes
 - Level 2.6 Armour
 - Level 2.6 Shields


You had 5 spell levels left.
You didn't know any spells.
Your spell library contained the following spells:

 Spells                   Type           Power        Failure   Level  Hunger
 Animate Skeleton         Necr           N/A          99%         1    ##.....
 Apportation              Tloc           #.....       99%         1    ##.....
 Confusing Touch          Hex            #.....       99%         1    ##.....
 Summon Small Mammal      Summ           #...         99%         1    ##.....
 Confuse                  Hex            #.......     100%        3    ####...
 Gell's Gravitas          Tloc           #.........   100%        3    ####...
 Petrify                  Tmut/Erth      #.......     100%        4    #####..
 Metabolic Englaciation   Hex/Ice        #.........   100%        5    ######.
 Yara's Violent Unravell  Hex/Tmut       #.........   100%        5    ######.


Dungeon Overview and Level Annotations

Branches:
Dungeon (4/15)
 Temple: D:4-7

Altars:
Wu Jian
Yredelemnul
Zin
The Shining One


Innate Abilities, Weirdness & Mutations

You are completely covered in icy blue scales. (AC +4, rC+)
You are partially covered in sharp spines.
You possess an exceptional clarity of mind.
Your flesh is heat resistant. (rF+)


Message History

The scorpion is almost dead.
You slash the scorpion zombie!
You feel sick. You block the scorpion zombie's attack. The scorpion stings you.
* * * LOW HITPOINT WARNING * * *
You are lethally poisoned!
The scorpion poisons you!
You barely miss the scorpion.
The scorpion is almost dead.
You hit the scorpion zombie.
* * * LOW HITPOINT WARNING * * *
You feel very sick. The scorpion stings you!
* * * LOW HITPOINT WARNING * * *
The scorpion zombie is struck by your spines.
You destroy the scorpion zombie!
It was a potion of mutation.
You feel extremely strange.
Your thoughts seem clearer.
You feel resistant to heat.
* * * LOW HITPOINT WARNING * * *
You feel sick. The scorpion stings you!
You die...

#...#...#^^
##+###########'#######'
#.....#.....#^^^#...#..
#.....#.....'^^^#...8..
#.....8.....#^^^#......
#...........######8...8
#...........#M..#......
###8..s..8###..?#...8..
#.....@.....#!.?#...#..
#...........##+###'####
#.....8.....# #...#..
#.....#.....+ #.∩.'.∩
#.....#.....# #...#..
############# #######


You could see a scorpion.

Vanquished Creatures
  A big kobold (D:4)
  A scorpion (Ossuary)
  A crimson imp (D:2)
  A human zombie (Ossuary)
  2 big kobold zombies (Ossuary)
  A howler monkey skeleton (D:4)
  A scorpion zombie (Ossuary)
  4 adders
  An ooze (D:3)
  An adder skeleton (D:4)
  6 worms
  3 leopard geckos
  3 ball pythons
  6 bats
  6 giant cockroaches
  7 goblins
  11 hobgoblins
  A frilled lizard (D:1)
  A gnoll zombie (Ossuary)
  2 goblin zombies (Ossuary)
  10 kobolds
  A kobold zombie (Ossuary)
  An orc zombie (Ossuary)
  4 rats
76 creatures vanquished.

Notes
Turn   | Place    | Note
-------+----------+-------------------------------------------
     0 | D:1      | vishdafish the Demonspawn Fighter began the quest for the
                  | Orb.
     0 | D:1      | Reached XP level 1. HP: 18/18 MP: 1/1
    43 | D:1      | Reached skill level 2 in Axes
   108 | D:1      | Gained mutation: You are partially covered in sharp spines.
                  | [demonic ancestry]
   108 | D:1      | Reached XP level 2. HP: 24/24 MP: 2/2
   515 | D:2      | Noticed a crimson imp
   532 | D:2      | Gained mutation: You are partially covered in icy blue
                  | scales. (AC +2) [demonic ancestry]
   532 | D:2      | Reached XP level 3. HP: 13/29 MP: 3/3
   534 | D:2      | Reached skill level 3 in Axes
   651 | D:2      | Found a basalt altar of Yredelemnul.
   673 | D:2      | Reached XP level 4. HP: 35/37 MP: 4/4
   914 | D:2      | Found a glowing silver altar of Zin.
  1459 | D:3      | Reached skill level 4 in Axes
  1731 | D:3      | Found a faded altar of an unknown god.
  1758 | D:3      | Gained mutation: You are mostly covered in icy blue scales.
                  | (AC +3) [demonic ancestry]
  1758 | D:3      | Reached XP level 5. HP: 42/42 MP: 5/5
  1956 | D:4      | Found an ornate altar of the Wu Jian Council.
  2245 | D:4      | Found a glowing golden altar of the Shining One.
  2376 | D:4      | Found a sand-covered staircase.
  2383 | Ossuary  | Entered an ossuary
  2417 | Ossuary  | Reached skill level 5 in Axes
  2417 | Ossuary  | Gained mutation: You are completely covered in icy blue
                  | scales. (AC +4, rC+) [demonic ancestry]
  2417 | Ossuary  | Reached XP level 6. HP: 30/49 MP: 6/6
  2547 | Ossuary  | Gained mutation: You possess an exceptional clarity of
                  | mind. [potion of mutation]
  2547 | Ossuary  | Gained mutation: Your flesh is heat resistant. (rF+)
                  | [potion of mutation]
  2547 | Ossuary  | HP: 2/50 [poisoned by a scorpion]
  2547 | Ossuary  | Slain by a scorpion

Skill      XL: |  1  2  3  4  5 |
---------------+----------------+-----
Axes           | 2 3 4 5 |  5.2
Fighting       | 4 |  4.8
Armour         | |  2.6
Shields        | |  2.6

Action                   |  1- 3 |  4- 6 || total
-------------------------+-------+-------++-------
Melee: War axe           |    57 |   148 ||   205
  Use: Scroll            |       |     3 ||     3
       Potion            |       |     2 ||     2
  Eat: Chunk             |       |     5 ||     5
Armor: Scale mail        |    34 |    60 ||    94
Dodge: Dodged            |    26 |    52 ||    78
Block: Shield            |    44 |    74 ||   118
